 Dungeon Crawl Stone Soup version 0.18.1-5-g4a78601 (webtiles) character file.

135368 protoss039 the Bludgeoner (level 16, -15/139 HPs)
             Began as a Minotaur Fighter on May 13, 2016.
             Was the Champion of Cheibriados.
             Killed from afar by a merfolk aquamancer (34 damage)
             ... with a great wave of water
             ... on level 2 of the Shoals.
             The game lasted 03:23:36 (31212 turns).

protoss039 the Bludgeoner (Minotaur Fighter)       Turns: 31212, Time: 03:24:04

Health: -15/139    AC: 37    Str: 47    XL:     16   Next: 64%
Magic:  18/18      EV: 24    Int: 20    God:    Cheibriados [******]
Gold:   1711       SH: 13    Dex: 33    Spells: 0 memorised, 15 levels left

rFire  + . .     SeeInvis .     D - +5 morningstar (crush)
rCold  . . .     Gourm    .     Y - +10 plate armour {ponderous}
rNeg   . . .     Faith    .     b - +3 buckler
rPois  .         Spirit   .     (helmet restricted)
rElec  .         Dismiss  +     W - +1 cloak {+Inv}
rCorr  .         Reflect  .     H - +2 pair of gloves
SustAt .         Harm     .     x - +1 pair of boots
MR     ++...                    r - amulet of Ysanni {Dismiss Str+7 Dex+3}
Stlth  ..........               n - +2 ring of protection
                                E - ring "Kubrioch" {rF+ MR+ Dex+4}

@: manticore barbs, mesmerised, very slightly contaminated, invisible, very
slow, very resistant to hostile enchantments, extremely unstealthy
A: retaliatory headbutt, horns 2, blurry vision 1, clumsy 1, deterioration 1,
frail 1, slow regeneration 1
a: Bend Time, Temporal Distortion, Slouch, Step From Time, Renounce Religion


You were on level 2 of the Shoals.
You worshipped Cheibriados.
Cheibriados was exalted by your worship.
You were hungry.

You visited 6 branches of the dungeon, and saw 29 of its levels.
You also visited: Labyrinth.

You collected 3206 gold pieces.
You spent 1495 gold pieces at shops.

Inventory:

Hand Weapons
 D - a +5 morningstar of crushing (weapon)
Missiles
 J - 4 large rocks
Armour
 b - a +3 buckler (worn)
 x - a +1 pair of boots (worn)
 G - a +0 troll leather armour
 H - a +2 pair of gloves (worn)
 W - a +1 cloak of invisibility (worn)
 Y - a +10 plate armour of ponderousness (worn)
Jewellery
 n - a +2 ring of protection (right hand)
 r - the amulet of Ysanni (around neck) {Dismiss Str+7 Dex+3}
   (You bought it in a shop on level 2 of the Orcish Mines)

   [amulet of dismissal]

   It may teleport away creatures that harm you.
   It affects your strength (+7).
   It affects your dexterity (+3).
 E - the ring "Kubrioch" (left hand) {rF+ MR+ Dex+4}
   (You took it off an orc wizard on level 10 of the Dungeon)

   [ring of dexterity]

   It affects your dexterity (+4).
   It protects you from fire.
   It affects your resistance to hostile enchantments.
 T - an uncursed ring of sustain attributes
Wands
 d - a wand of disintegration (6/24)
 l - a wand of confusion (34/48)
 p - a wand of flame (14/48)
 s - a wand of iceblast (3/15)
 v - a wand of acid (3/15)
 B - a wand of paralysis (0/24)
 L - a wand of teleportation (4/9)
 Q - a wand of polymorph (9/24)
Scrolls
 c - 2 scrolls of enchant weapon
 e - 3 scrolls of enchant armour
 h - 11 scrolls of remove curse
 j - a scroll of fog
 q - 3 scrolls of recharging
 w - 2 scrolls of identify
 y - a scroll of holy word
 F - 5 scrolls of teleportation
 X - a scroll of magic mapping
Potions
 o - 2 potions of ambrosia
 t - 2 potions of flight
 u - 2 potions of brilliance
 z - a potion of curing
 K - a potion of heal wounds
 M - a potion of beneficial mutation {unknown}
 N - a potion of might
 O - 2 potions of berserk rage {unknown}
 P - 2 potions of lignification
Miscellaneous
 a - a disc of storms
 m - a phantom mirror
 I - an ornate deck of war
Comestibles
 f - 18 bread rations
 i - 6 meat rations
 A - a slice of pizza
 C - 42 fruits
 S - 3 beef jerkies


   Skills:
 + Level 17.0 Fighting
 - Level 17.0 Maces & Flails
 - Level 15.0 Armour
 * Level 12.1 Dodging
 + Level 4.4 Stealth
 + Level 14.6 Shields
   Level 0.4 Transmutations
   Level 0.4 Earth Magic
 + Level 4.5 Invocations
 + Level 4.4 Evocations


You had 15 spell levels left.
You didn't know any spells.

Dungeon Overview and Level Annotations

Branches:
Dungeon (15/15) Temple (1/1) D:6 Lair (8/8) D:8 Shoals (2/4) Lair:4 Spider (0/4) Lair:6 Slime (0/6) Lair:8 Orc (2/2) D:9 Elf (1/3) Orc:2 Vaults (0/5) D:12 D:13 Depths (0/5) D:15

Altars:
Ashenzari
Cheibriados
Dithmenos
Elyvilon
Fedhas
Gozag
Kikubaaqudgha
Makhleb
Nemelex Xobeh
Okawaru
Pakellas
Qazlal
Ru
Sif Muna
Trog
Vehumet
Xom
Yredelemnul
Zin
The Shining One
Beogh

Shops:
D:4 %   D:8 [   D:13 %   D:15 *   Orc:1 %   Orc:2 =*:[?

Annotations:
Shoals:2 exclusion: Roxanne, Roxanne


Innate Abilities, Weirdness & Mutations

You reflexively headbutt those who attack you in melee.
You have a pair of horns on your head.
Scrolls take you a little longer to read.
You are clumsy. (Dex -2)
Your body sometimes deteriorates upon taking damage.
You are frail (-10% HP).
You regenerate slowly when monsters are visible.


Message History

The merfolk impaler hits you with an enchanted trident!
* * * LOW HITPOINT WARNING * * *
The merfolk aquamancer hits you but does no damage.
You block the merfolk's attack.
The merfolk hits you from afar with a trident!
* * * LOW HITPOINT WARNING * * *
The faun casts a spell at you. You resist with almost no effort.
The merfolk impaler completely misses you.
You furiously retaliate!
You headbutt the merfolk impaler!
The siren chants its luring song.
As you read the scroll of fog, it crumbles to dust.
The scroll dissolves into smoke.
You fade into invisibility!
You block the siren's attack. The faun casts a spell at you.
You resist with almost no effort. You block the merfolk's attack.
The merfolk aquamancer casts a spell at you.
The great wave of water hits you!
You die...

≈≈≈≈≈m...≈≈≈≈≈≈≈≈.≈≈≈≈c
≈≈≈≈≈≈§m≈≈≈≈≈≈≈≈≈≈.≈≈≈≈≈
....≈m≈m≈≈≈≈≈≈≈≈≈m≈c≈≈≈≈
...Em≈≈≈≈≈≈≈≈≈≈≈≈..cc≈≈≈
#...m.).......≈.......≈≈
#..E.#................≈≈
....##........mEm....≈≈≈
#... #........m§m§..≈≈≈≈
#≈≈. #.......mmm@§.<.≈≈≈
..≈. ?........H§§§...≈≈≈
.≈≈.........8..(!≈...≈≈≈
EP≈≈≈≈.........≈≈≈...≈≈≈
≈P≈≈..m...........≈≈≈
P≈≈≈≈≈...........≈≈≈≈
P≈≈.m.......(.≈≈≈≈
≈≈P≈≈........≈≈≈≈≈
≈≈≈≈≈≈≈≈≈≈≈≈P≈P≈≈≈


You could see Roxanne, a merfolk impaler, a merfolk aquamancer, 6 merfolk, 3
fauns, a manticore, a water elemental and 2 sirens.

Vanquished Creatures
  Rupert (D:12)
  Kirke (Lair:6)
  The ghost of CcS the Executioner, an adept HOBe of Trog (Shoals:1)
  An orc warlord (Orc:2)
  Azrael (D:13)
  A dire elephant (Lair:8)
  Snorg (D:11)
  A merfolk impaler (Shoals:1)
  Fannar (Lair:3)
  Josephine (D:11)
  Harold (Lair:1)
  9 hydras
  2 catoblepae
  A death knight (D:8)
  Erica (Orc:1)
  An ogre mage (D:12)
  A merfolk aquamancer (Shoals:1)
  5 centaur warriors
  3 death yaks (Lair:8)
  A deep troll shaman (Lair:8)
  A queen ant (Lair:2)
  The ghost of dorian the Arsonist, a journeyman OpFE of Vehumet (Lair:1)
  Nergalle (Orc:1)
  3 skeletal warriors
  An unseen horror (D:15)
  6 sea snakes (Shoals:1)
  2 deep elf archers (Elf:1)
  4 hill giants
  A wizard (D:15)
  A phantasmal warrior (D:15)
  An orb spider (Lair:6)
  6 harpies (Shoals:1)
  A necromancer (D:15)
  3 fauns (Shoals:1)
  4 griffons
  7 deep elf magi
  2 oklob plants
  14 orc knights
  6 cyclopes
  2 orc sorcerers (Orc:2)
  13 ugly things
  3 manticores
  2 centaur zombies
  25 elephants
  4 water nymphs (Shoals:1)
  7 sirens
  4 black mambas
  Maurice (D:11)
  A frost giant skeleton (D:15)
  2 gargoyles
  A torpor snail (Lair:8)
  A stone giant skeleton (D:15)
  14 spiny frogs
  2 centaur skeletons (D:14)
  An ice statue (D:10)
  6 komodo dragons
  3 rime drakes
  8 trolls
  9 merfolk (Shoals:1)
  A tengu conjurer (D:14)
  The ghost of varam the Cleaver, an amateur HOGl of Okawaru (D:6)
  2 two-headed ogres
  3 snapping turtles (Shoals:1)
  2 polar bears
  2 wind drakes (Shoals:1)
  Prince Ribbit (D:8)
  9 slime creatures
  2 hornet zombies (D:15)
  18 blink frogs
  2 boulder beetles
  A deep troll zombie (D:15)
  A spriggan zombie (D:15)
  A redback (D:10)
  5 water elementals
  4 wyverns
  An air elemental (Elf:1)
  4 wraiths (D:11)
  7 hippogriffs
  7 basilisks
  16 humans
  26 yaks
  3 vampires
  2 hogs (Lair:7)
  2 shadows
  4 fire elementals
  4 hungry ghosts
  4 vampire mosquitoes (D:14)
  Edmund (D:5)
  Menkaure (D:4)
  2 mottled dragons
  6 soldier ants (Lair:2)
  8 wargs
  2 hell hounds (D:13)
  22 water moccasins
  15 porcupines
  2 black bears
  An ice beast (D:9)
  49 orc warriors
  A swamp drake (D:9)
  Purgy (D:3)
  5 phantoms
  2 wasps (D:12)
  5 sky beasts
  9 wolves
  A necrophage (D:11)
  15 ogres
  11 centaurs
  15 crocodiles
  3 big kobolds
  27 giant frogs
  A wyvern zombie (D:14)
  A water moccasin zombie (D:6)
  3 scorpions
  A wyvern skeleton (D:12)
  4 killer bees (D:9)
  9 wights
  5 electric eels
  10 howler monkeys
  9 crimson imps
  A giant frog zombie (D:7)
  3 hounds
  8 jellies
  5 giant frog skeletons
  24 orc priests
  20 orc wizards
  Crazy Yiuf (D:6)
  Terence (D:2)
  8 iguanas
  Ijyb (D:3)
  28 worker ants
  8 sheep
  A hound zombie (D:8)
  A hound skeleton (D:11)
  A worker ant zombie (D:9)
  Robin (D:3)
  14 adders
  64 river rats
  7 shadow imps
  2 oozes (D:5)
  A worm (D:4)
  4 giant geckos
  138 orcs
  2 ball pythons
  2 giant cockroaches
  20 hobgoblins
  7 jackals
  7 quokkas
  6 bats
  A giant gecko skeleton (D:4)
  3 giant newts
  20 goblins
  9 kobolds
  8 rats
  2 butterflies
  A fungus (Lair:8)
  3 plants
1024 creatures vanquished.

Vanquished Creatures (others)
  A minotaur (Lab)
  A deep elf knight (Elf:1)
  A deep elf archer (Elf:1)
  A cyclops (D:15)
  2 humans (Lair:7)
  An orc warrior (Orc:1)
  A giant frog (D:15)
  A river rat (Lair:7)
  An orc (Orc:1)
  A goblin (D:3)
  26 fungi
  21 plants
  2 withered plants (D:15)
60 creatures vanquished.

Grand Total: 1084 creatures vanquished

Notes
Turn   | Place    | Note
--------------------------------------------------------------
     0 | D:1      | protoss039 the Minotaur Fighter began the quest for the Orb.
     0 | D:1      | Reached XP level 1. HP: 19/19 MP: 0/0
   228 | D:1      | Reached XP level 2. HP: 27/27 MP: 1/1
  1147 | D:2      | Reached XP level 3. HP: 31/33 MP: 2/2
  1155 | D:2      | Noticed Terence
  1162 | D:2      | Killed Terence
  1198 | D:2      | Reached XP level 4. HP: 40/40 MP: 3/3
  1464 | D:2      | Found a sparkling altar of Nemelex Xobeh.
  1783 | D:3      | Noticed Purgy
  1793 | D:3      | Killed Purgy
  1793 | D:3      | Reached skill level 1 in Dodging
  1793 | D:3      | Reached skill level 5 in Shields
  1793 | D:3      | Reached XP level 5. HP: 38/47 MP: 4/4
  1830 | D:3      | Noticed Robin
  1845 | D:3      | Reached skill level 5 in Armour
  1856 | D:3      | Killed Robin
  1976 | D:3      | Found a sparkling altar of Nemelex Xobeh.
  2128 | D:3      | Reached XP level 6. HP: 53/53 MP: 5/5
  2188 | D:3      | Noticed Ijyb
  2194 | D:3      | Killed Ijyb
  2949 | D:4      | Noticed Menkaure
  2957 | D:4      | Killed Menkaure
  2957 | D:4      | Reached XP level 7. HP: 55/60 MP: 6/6
  2992 | D:4      | Found Ewnukeqy's Food Boutique.
  3110 | D:4      | Reached skill level 5 in Fighting
  3198 | D:5      | Entered Level 5 of the Dungeon
  3544 | D:5      | Found a shattered altar of Ashenzari.
  3669 | D:5      | Noticed Edmund
  3677 | D:5      | Killed Edmund
  3677 | D:5      | Reached XP level 8. HP: 58/69 MP: 7/7
  3809 | D:5      | Reached skill level 5 in Maces & Flails
  4021 | D:6      | Found a staircase to the Ecumenical Temple.
  4022 | D:6      | Noticed varam's ghost (amateur HOGl)
  4366 | D:6      | Killed varam's ghost
  4366 | D:6      | Reached skill level 1 in Evocations
  4488 | Temple   | Entered the Ecumenical Temple
  4529 | Temple   | Became a worshipper of Cheibriados the Contemplative
  4662 | D:6      | Learned a level 6 spell: Statue Form
  4713 | D:6      | Reached skill level 1 in Stealth
  5013 | D:6      | Noticed Crazy Yiuf
  5017 | D:6      | Killed Crazy Yiuf
  5053 | D:6      | Reached * piety under Cheibriados
  5227 | D:6      | Found an iron altar of Okawaru.
  5453 | D:6      | Found a radiant altar of Vehumet.
  5454 | D:6      | Found a burning altar of Makhleb.
  5728 | D:7      | Reached XP level 9. HP: 78/78 MP: 8/8
  5733 | D:7      | Reached skill level 5 in Dodging
  5816 | D:7      | Found an oddly glowing altar of Pakellas.
  6069 | D:7      | Reached ** piety under Cheibriados
  6213 | D:8      | Found Ofrejef's Armour Shop.
  6269 | D:8      | Noticed Prince Ribbit
  6449 | D:8      | Found a glowing golden altar of the Shining One.
  6615 | D:8      | Found an opulent altar of Gozag.
  6644 | D:8      | Found a deep blue altar of Sif Muna.
  6774 | D:8      | Killed Prince Ribbit
  6817 | D:8      | Found a staircase to the Lair.
  6957 | D:9      | Noticed a death knight
  6989 | D:8      | Killed a death knight
  6989 | D:8      | Reached XP level 10. HP: 7/89 MP: 7/10
  7942 | D:9      | Found a white marble altar of Elyvilon.
  7991 | D:9      | Reached *** piety under Cheibriados
  8050 | D:9      | Found a shadowy altar of Dithmenos.
  8165 | D:9      | Noticed an angel
  8166 | D:9      | Found a glowing silver altar of Zin.
  8375 | D:9      | Reached skill level 1 in Invocations
  8387 | D:9      | Reached **** piety under Cheibriados
  8402 | D:9      | Found a staircase to the Orcish Mines.
  8577 | D:10     | Entered Level 10 of the Dungeon
  8583 | D:10     | Reached skill level 10 in Armour
  8609 | D:10     | Noticed a hill giant
  8618 | D:10     | Killed a hill giant
  9727 | D:10     | Noticed an ice statue
  9738 | D:10     | Got a transparent brass ring
  9772 | D:10     | Killed an ice statue
  9772 | D:10     | Reached skill level 10 in Maces & Flails
  9772 | D:10     | Reached XP level 11. HP: 73/97 MP: 12/12
  9863 | D:10     | Identified the ring "Kubrioch" {rF+ MR+ Dex+4} (You took it off an orc wizard on level 10 of the Dungeon)
 10107 | D:11     | Noticed Snorg
 10116 | D:11     | Killed Snorg
 10279 | D:11     | Reached ***** piety under Cheibriados
 10313 | D:11     | Noticed Maurice
 10313 | D:11     | Noticed a six-headed hydra
 10319 | D:11     | Killed Maurice
 10321 | D:11     | Killed a six-headed hydra
 11122 | D:11     | Noticed Josephine
 11149 | D:11     | Killed Josephine
 11149 | D:11     | Reached skill level 10 in Fighting
 11560 | D:12     | Gained mutation: You are clumsy. (Dex -2) [mutagenic meat]
 11738 | D:12     | Noticed a brown ugly thing
 11742 | D:12     | Killed a brown ugly thing
 12260 | D:12     | Noticed a hill giant
 12275 | D:12     | Killed a hill giant
 12275 | D:12     | Reached XP level 12. HP: 98/107 MP: 14/14
 12593 | D:13     | Found a gate to the Vaults.
 12593 | D:13     | Noticed an ogre mage
 12593 | D:13     | Noticed Rupert
 12742 | D:12     | Killed Rupert
 12858 | D:12     | Learned a level 5 spell: Silence
 12879 | D:12     | Killed an ogre mage
 13029 | D:13     | Reached skill level 10 in Dodging
 13088 | D:13     | Noticed Azrael
 13100 | D:13     | Killed Azrael
 13521 | D:13     | Found Zeuph's Food Emporium.
 13696 | D:8      | Bought the +1 leather armour of the Pit {*Drain +Inv MR+++ Str+3} for 394 gold pieces
 13975 | D:13     | Reached ****** piety under Cheibriados
 14054 | D:13     | Reached XP level 13. HP: 105/119 MP: 15/15
 14537 | D:14     | Found a labyrinth entrance.
 14547 | Lab      | Entered a labyrinth
 14870 | Lab      | Noticed a minotaur
 14878 | Lab      | Killed a minotaur
 15447 | D:14     | You fall through a shaft!
 15447 | D:15     | Entered Level 15 of the Dungeon
 15752 | D:15     | Found a staircase to the Depths.
 16027 | D:15     | Found Koaqy's Assorted Antiques.
 16037 | D:15     | Bought a scroll of identify for 44 gold pieces
 16037 | D:15     | Bought a pair of glowing boots for 99 gold pieces
 16067 | D:15     | Bought a wand of paralysis for 44 gold pieces
 16067 | D:15     | Bought a scroll of fog for 44 gold pieces
 16067 | D:15     | Identified a scroll of acquirement
 17072 | D:15     | Found a blossoming altar of Fedhas.
 17215 | D:15     | Gained mutation: Armour fits poorly on your strangely shaped body. [potion of mutation]
 17215 | D:15     | Gained mutation: Potions and wands are less effective at restoring your health. [potion of mutation]
 17260 | D:15     | Lost mutation: You are clumsy. (Dex -2) [potion of cure mutation]
 17260 | D:15     | Lost mutation: Potions and wands are less effective at restoring your health. [potion of cure mutation]
 17260 | D:15     | Lost mutation: Armour fits poorly on your strangely shaped body. [potion of cure mutation]
 17513 | D:15     | Gained mutation: You are frail (-10% HP). [mutagenic meat]
 17514 | D:15     | Gained mutation: Scrolls take you a little longer to read. [mutagenic meat]
 17515 | D:15     | Gained mutation: You regenerate slowly when monsters are visible. [mutagenic meat]
 17520 | D:15     | Gained mutation: Your body sometimes deteriorates upon taking damage. [mutagenic meat]
 17611 | D:14     | Gained mutation: You are weak. (Str -2) [mutagenic meat]
 17785 | D:14     | Gained mutation: You are clumsy. (Dex -2) [mutagenic meat]
 17787 | D:14     | Lost mutation: You are weak. (Str -2) [mutagenic meat]
 17831 | D:14     | Reached XP level 14. HP: 118/118 MP: 16/16
 18386 | Orc:1    | Entered Level 1 of the Orcish Mines
 18419 | Orc:1    | Found Wimovai's Food Shop.
 18545 | Orc:1    | Noticed Erica
 18549 | Orc:1    | Killed Erica
 18549 | Orc:1    | Reached skill level 15 in Maces & Flails
 18795 | Orc:2    | Entered Level 2 of the Orcish Mines
 18923 | Orc:2    | Found a staircase to the Elven Halls.
 19070 | Orc:2    | Found Fubror's Armour Boutique.
 19071 | Orc:2    | Found Syryxt's Magic Scroll Emporium.
 19229 | Orc:2    | Found a roughly hewn altar of Beogh.
 19297 | Orc:2    | Found Dolu Fooriu's Book Shop.
 19317 | Orc:2    | Noticed an orc warlord
 19344 | Orc:2    | Killed an orc warlord
 19349 | Orc:2    | Reached skill level 10 in Shields
 19710 | Orc:2    | Found Ycvoriqim's Assorted Antiques.
 19748 | Orc:2    | Found Doanugiami's Jewellery Boutique.
 20144 | Elf:1    | Entered Level 1 of the Elven Halls
 20293 | Elf:1    | HP: 3/119 [deep elf mage/bolt of lightning (28)]
 20543 | Orc:1    | Noticed Nergalle
 20546 | Orc:1    | Killed Nergalle
 21170 | Orc:2    | Bought the amulet of Ysanni {Dismiss Str+7 Dex+3} for 870 gold pieces
 21348 | Lair:1   | Entered Level 1 of the Lair of Beasts
 21466 | Lair:1   | Noticed Harold
 21484 | Lair:1   | Killed Harold
 21604 | Lair:1   | Noticed dorian's ghost (journeyman OpFE)
 21608 | Lair:1   | Killed dorian's ghost
 22164 | Lair:2   | Reached XP level 15. HP: 120/125 MP: 17/17
 22196 | Lair:2   | Reached skill level 15 in Fighting
 22242 | Lair:2   | You fall through a shaft!
 22620 | Lair:3   | Noticed Fannar
 22626 | Lair:3   | Killed Fannar
 24370 | Lair:4   | Found a shimmering altar of Xom.
 24446 | Lair:4   | Found a staircase to the Shoals.
 25060 | Lair:5   | Got a pitted chain mail
 25066 | Lair:5   | Identified the +2 chain mail of Yvvy {rF- Str+6} (You found it on level 5 of the Lair of Beasts)
 25930 | Lair:6   | Found a hole to the Spider Nest.
 26724 | Lair:7   | Noticed Kirke
 26726 | Lair:7   | Noticed a sphinx
 26793 | Lair:7   | Noticed a sphinx
 26799 | Lair:6   | Killed Kirke
 27434 | Lair:8   | Entered Level 8 of the Lair of Beasts
 27674 | Lair:8   | Reached XP level 16. HP: 131/135 MP: 18/18
 28141 | Lair:8   | Found a staircase to the Slime Pits.
 29116 | Shoals:1 | Entered Level 1 of the Shoals
 30011 | Shoals:1 | Noticed CcS's ghost (adept HOBe)
 30326 | Shoals:1 | Killed CcS's ghost
 30326 | Shoals:1 | Reached skill level 15 in Armour
 31178 | Shoals:2 | Noticed Roxanne
 31212 | Shoals:2 | Killed from afar by a merfolk aquamancer

Skill      XL: |  1  2  3  4  5  6  7  8  9 10 11 12 13 14 15 16 |
---------------+-------------------------------------------------+-----
Shields        | 4 5 6 7 11 13 14 | 14.6
Fighting       | 4 5 6 8 9 10 12 14 16 17 | 17.0
Armour         | 4 5 6 7 9 10 11 12 14 15 | 15.0
Maces & Flails | 3 4 6 8 10 12 13 14 16 17 | 17.0
Dodging        | 1 2 3 4 6 7 8 10 11 12 | 12.1
Evocations     | 1 2 3 4 |  4.4
Stealth        | 1 2 3 4 |  4.4
Invocations    | 1 3 4 |  4.5
Transmutations | |  0.4
Earth Magic    | |  0.4

Action                   |  1- 3 |  4- 6 |  7- 9 | 10-12 | 13-15 | 16-18 || total
-------------------------+-------+-------+-------+-------+-------+-------++-------
Melee: Flail             |    84 |   183 |    64 |       |       |       ||   331
       Headbutt          |    10 |    27 |    42 |   150 |   362 |   103 ||   694
       Dire flail        |       |       |   204 |   280 |       |       ||   484
       Great sword       |       |       |       |     8 |       |       ||     8
       Eveningstar       |       |       |       |   147 |   106 |       ||   253
       Morningstar       |       |       |       |       |   960 |   291 ||  1251
       Unarmed           |       |       |       |       |     2 |       ||     2
Invok: Bend Time         |       |       |     1 |     1 |     1 |       ||     3
       Slouch            |       |       |       |     3 |     6 |       ||     9
       Temporal Distorti |       |       |       |     2 |     1 |       ||     3
Evoke: Wand              |       |       |    11 |    14 |    11 |     6 ||    42
       Phial of floods   |       |       |       |     1 |       |       ||     1
       Deck              |       |       |       |     2 |     2 |       ||     4
  Use: Scroll            |     3 |       |    14 |    10 |    18 |     2 ||    47
       Potion            |       |     1 |     2 |     8 |    14 |     1 ||    26
 Stab: Confused          |       |       |       |     2 |       |       ||     2
       Sleeping          |       |       |       |     5 |     1 |       ||     6
       Paralysed         |       |       |       |     4 |       |     1 ||     5
       Distracted        |       |       |       |       |     1 |       ||     1
  Eat: Chunk             |     1 |     5 |     9 |     9 |    17 |     1 ||    42
       Beef jerky        |       |       |     1 |     1 |     2 |       ||     4
       Bread ration      |       |       |     1 |       |       |       ||     1
       Fruit             |       |       |       |     1 |       |       ||     1
       Meat ration       |       |       |       |     1 |     4 |       ||     5
       Royal jelly       |       |       |       |       |     1 |       ||     1
       Pizza             |       |       |       |       |     1 |       ||     1
Armor: Scale mail        |    38 |    63 |   123 |    82 |       |       ||   306
       Leather armour    |       |       |       |    48 |    13 |       ||    61
       Chain mail        |       |       |       |    27 |     6 |       ||    33
       Plate armour      |       |       |       |       |   263 |   111 ||   374
Dodge: Dodged            |    23 |    53 |   141 |   369 |   743 |   227 ||  1556
Block: Shield            |    45 |   108 |    47 |       |       |       ||   200
       Other             |       |       |       |    18 |       |       ||    18
       Buckler           |       |       |       |   128 |   777 |   201 ||  1106
       Reflection        |       |       |       |     8 |    43 |       ||    51
